cohdb
Replays
Latest Replays
All Replays
Popular Replays
Top Player Replays
Match Explorer
How It Works
Community
CoH3 Stats
Reddit
Sign in to upload your games and track your stats! →
Sign in with Steam
Match 46506654
Unlisted
Match 46506654
Overview
Messages
Build Orders
End
Kradschützen Motorcycle Team
Panzergrenadier Squad
Panzerpioneer Squad
Panzergrenadier Squad
Construct Light Support Kompanie
Selects Panzerjäger Kommand Battlegroup
Selects Mine Fields
Fire Support Elements
250 Light Carrier
Flakvierling Half-track
Vehicle Survival Package
Selects Defensive Positions
Panzergrenadier Squad
Selects Tank Busters
Panzerjäger Mechanized Group
Construct Panzerarmee Kommand
Emergency Repair Kits
Selects Crew Shock Tactics
Armored Reserves
Selects Butterfly Bomb Drop
Evgir Unslaad
MasterStef
0
0
Comments
sign in to comment!
No comments posted yet!